AoeStats
← SC_Dead Rabbit "The original"

Arabia

508808297Analyzed
3v3 RM · 9d ago on Sep 24, 2026· 27m 49s· 6 players
Game mode
Random Map
Map size
Normal (6 player)
Population
200
Speed
Normal
Resources
Standard
Victory
Conquest
Starting age
Dark Age
Ending age
Imperial Age
RankedLock teamsTeams togetherTeam positionsShared explorationLock speedFull tech treeHidden civsTurbo modeCheats
Victory
Defeat
🇨🇱 Japanese · Chile
1329
+10
🇦🇷 Malians · Argentina
1182
+16
1001
+23
🇨🇴 Romans · Colombia
1236
-19
🇨🇴 Varangians · Colombia
1212
-18
🇨🇴 Ethiopians · Colombia
1082
-12
SC_Dead Rabbit "The original"
0:34 Loom
9:37 Feudal Age
15:19 Fletching
25:30 Castle Age
24:32 Padded Archer Armor
25:10 Horse Collar
25:35 Crossbowman
27:25 Thumb Ring
27:37 Bodkin Arrow
MAX POWER
9:12 Loom
11:38 Feudal Age
19:28 Castle Age
18:24 Gold Mining
19:04 Double-Bit Axe
23:23 Scale Mail Armor
23:38 Forging
25:35 Squires
27:06 Wheelbarrow
27:21 Scale Mail Armor
Jhasper con manos
6:27 Loom
8:45 Feudal Age
8:59 Man-at-Arms
9:42 Double-Bit Axe
12:04 Arson
13:37 Double-Bit Axe
15:57 Fletching
21:47 Castle Age
19:52 Horse Collar
20:49 Gold Mining
21:37 Bloodlines
21:29 Padded Archer Armor
21:50 Crossbowman
22:36 Bodkin Arrow
24:02 Bow Saw
24:14 Husbandry
25:22 Leather Archer Armor
25:49 Ballistics
3DIQ | ElChan108
6:51 Loom
9:18 Feudal Age
9:36 Man-at-Arms
12:48 Scale Mail Armor
14:13 Forging
24:25 Castle Age
22:59 Horse Collar
23:06 Double-Bit Axe
23:12 Gold Mining
25:05 Long Swordsman
26:23 Iron Casting
26:15 Fletching
3DIQ | AlxSanmiguel
6:52 Loom
10:01 Feudal Age
10:59 Double-Bit Axe
16:52 Forging
17:17 Horse Collar
18:21 Scale Barding Armor
23:40 Castle Age
21:40 Gold Mining
24:31 Bloodlines
3DIQ | Loophy
1:55 Loom
11:37 Feudal Age
26:16 Castle Age
25:42 Fletching
26:56 Bodkin Arrow
26:28 Crossbowman
Connection lost

Rejoining the realm…

Still unreachable

The connection could not be restored.

Session expired

The server has moved on; the page needs a fresh start.